 Dungeon Crawl Stone Soup version 0.20.0-15-g7f486f2 (webtiles) character file.

557 Chiseanne the Magician (level 7, 46/46 HPs)
             Began as a Demonspawn Wizard on June 15, 2017.
             Quit the game on level 4 of the Dungeon.
             The game lasted 00:07:57 (4735 turns).

Chiseanne the Magician (Demonspawn Wizard)          Turns: 4735, Time: 00:07:57

Health: 46/46      AC:  8    Str:  8    XL:     7   Next: 9%
Magic:  1/15       EV: 12    Int: 21    God:
Gold:   278        SH:  0    Dex: 11    Spells: 8/17 levels left

rFire    . . .     SeeInvis .   p - +1 dagger
rCold    + + .     Gourm    .   (no shield)
rNeg     . . .     Faith    .   f - +2 robe {Archmagi}
rPois    .         Spirit   .   b - +1 hat
rElec    .         Reflect  .   I - +0 cloak
rCorr    .         Harm     .   (no gloves)
MR       .....                  (no boots)
Stlth    +++.......             (no amulet)
Regen    0.2/turn               y - ring of stealth
MPRegen  0.2/turn               x - ring of protection from cold

@: no status effects
A: iridescent scales 1, cold resistance 1, demonic guardian 1
a: no special abilities


You were on level 4 of the Dungeon.
You were not hungry.

You visited 1 branch of the dungeon, and saw 4 of its levels.

You collected 278 gold pieces.

Inventory:

Hand Weapons
 p - a +1 dagger (weapon)
 H - a +2 quarterstaff of chaos
Missiles
 h - 78 arrows
 n - 82 stones (quivered)
 q - 5 tomahawks
 r - 10 poisoned needles
 t - 21 sling bullets
 A - 3 tomahawks of returning
Armour
 b - a +1 hat (worn)
 f - a +2 robe of the Archmagi (worn)
 s - a cursed +0 ring mail
 I - a +0 cloak (worn)
Jewellery
 i - an uncursed ring of see invisible
 x - a ring of protection from cold (right hand)
 y - a ring of stealth (left hand)
Wands
 D - a wand of acid (0/15)
Scrolls
 a - 4 scrolls of recharging
 B - a scroll of teleportation
Potions
 c - a potion of might
 g - 2 potions of heal wounds
 j - a potion of brilliance {unknown}
 k - a potion of mutation {unknown}
 m - a potion of agility {unknown}
 u - a potion of degeneration {unknown}
 w - a potion of ambrosia {unknown}
 z - a potion of resistance {unknown}
 C - 2 potions of flight {unknown}
 G - a potion of curing {unknown}
Comestibles
 d - a bread ration
 o - a meat ration
 E - a royal jelly
 F - 3 chunks of flesh


   Skills:
 - Level 1.7 Dodging
 - Level 1.7 Stealth
 * Level 5.8 Spellcasting
 * Level 5.2 Conjurations
   Level 1.0 Summonings
 - Level 0.8 Translocations


You had 8 spell levels left.
You knew the following spells:

 Your Spells              Type           Power        Failure   Level  Hunger
a - Magic Dart            Conj           ####         1%          1    None
b - Blink                 Tloc           N/A          11%         2    None
c - Conjure Flame         Conj/Fire      ####....     10%         3    ##.....
d - Mephitic Cloud        Conj/Pois/Air  ###.....     14%         3    ##.....


Dungeon Overview and Level Annotations

Branches:
Dungeon (4/15)
 Temple: D:4-7

Altars:
Ashenzari
Dithmenos
Fedhas
Gozag
Kikubaaqudgha

Annotations:
D:4 PeeWee's ghost, novice MiFi


Innate Abilities, Weirdness & Mutations

You are partially covered in iridescent scales. (AC +2)
Your flesh is cold resistant. (rC+)
A weak demonic guardian rushes to your aid.


Message History

Aiming: Corrosive Bolt (will waste charges)
Press: ? - help, Shift-Dir - straight line, f - worm, p - Edmund
Aim: a worm (almost dead)
Okay, then.
Edmund shouts, "What's happening?!"
Evoke which item? (* to show all) (? for menu, Esc to quit)
Aiming: Corrosive Bolt (will waste charges)
Press: ? - help, Shift-Dir - straight line, f/p - Edmund
Aim: Edmund, wielding a flail of holy wrath and wearing a chain mail (almost dead, confused, covered in acid)
The bolt of acid hits the worm.
The worm is splashed with acid.
You kill the worm!
The bolt of acid hits Edmund.
Edmund is splashed with acid.
The acid corrodes Edmund!
You kill Edmund!
Your Conjurations skill increases to level 5!
You have reached level 7!
Your demonic ancestry asserts itself...
You feel the presence of a demonic guardian.
Evoking this partially-identified wand wasted a few charges.
Are you sure you want to abandon this character and quit the game? (Confirm with "yes".)

#.............
#............
#........... #...#
#..)# ....## ##..## ..
.....# #...# [.. ....#
##...# #... ....#
#...@# #...## #...#
##....# #...###...#
##.....# #....#...##
#..#...## #........##
#.......# ##.......##
##......# #...#.....#
####...#####'#.##.....
##....#.'_'.###....
##.....#'### ##...


There were no monsters in sight!

Vanquished Creatures
  Edmund (D:4)
  A scorpion (D:4)
  2 vampire bats (D:3)
  A howler monkey (D:4)
  2 orc priests (D:3)
  Crazy Yiuf (D:4)
  Jessica (D:2)
  7 adders
  An ooze (D:3)
  5 worms
  A dart slug (D:1)
  3 leopard geckos
  13 orcs
  2 bats
  A bat skeleton (D:3)
  4 bat zombies (D:3)
  A giant cockroach (D:2)
  5 goblins
  9 hobgoblins
  5 jackals
  3 quokkas
  A ball python (D:2)
  4 frilled lizards
  3 kobolds (D:1)
  7 rats
84 creatures vanquished.

Notes
Turn   | Place    | Note
-------+----------+-------------------------------------------
     0 | D:1      | Chiseanne the Demonspawn Wizard began the quest for the Orb.
     0 | D:1      | Reached XP level 1. HP: 13/13 MP: 4/4
   465 | D:1      | Gained mutation: You are partially covered in iridescent scales. (AC +2) [demonic ancestry]
   465 | D:1      | Reached XP level 2. HP: 15/19 MP: 0/6
   549 | D:1      | Found a shattered altar of Ashenzari.
  1259 | D:2      | Noticed Jessica
  1262 | D:2      | Killed Jessica
  1262 | D:2      | Reached XP level 3. HP: 24/24 MP: 4/8
  1317 | D:2      | Learned a level 2 spell: Blink
  1321 | D:2      | Learned a level 3 spell: Conjure Flame
  1325 | D:2      | Learned a level 3 spell: Mephitic Cloud
  1649 | D:2      | Reached XP level 4. HP: 6/30 MP: 1/9
  2153 | D:2      | Found a shadowy altar of Dithmenos.
  2798 | D:3      | Gained mutation: Your flesh is cold resistant. (rC+) [demonic ancestry]
  2798 | D:3      | Reached XP level 5. HP: 21/35 MP: 2/11
  3483 | D:3      | Found an opulent altar of Gozag.
  3549 | D:3      | Found an ancient bone altar of Kikubaaqudgha.
  3563 | D:3      | Reached skill level 5 in Spellcasting
  3563 | D:3      | Reached XP level 6. HP: 32/41 MP: 0/13
  3922 | D:4      | Noticed PeeWee's ghost (novice MiFi)
  4529 | D:4      | Found a runed door.
  4602 | D:4      | Noticed Crazy Yiuf
  4610 | D:4      | Killed Crazy Yiuf
  4689 | D:4      | Found a blossoming altar of Fedhas.
  4710 | D:4      | Noticed Edmund
  4734 | D:4      | Killed Edmund
  4734 | D:4      | Reached skill level 5 in Conjurations
  4734 | D:4      | Gained mutation: A weak demonic guardian rushes to your aid. [demonic ancestry]
  4734 | D:4      | Reached XP level 7. HP: 46/46 MP: 1/15
  4735 | D:4      | Quit the game

Skill      XL: |  1  2  3  4  5  6 |
---------------+-------------------+-----
Conjurations   | 2 3 4 5 |  5.2
Spellcasting   | 4 5 |  5.8
Dodging        | |  1.7
Stealth        | |  1.7
Summonings     | |  1.0
Translocations | |  0.8

Action                   |  1- 3 |  4- 6 |  7- 9 || total
-------------------------+-------+-------+-------++-------
Melee: Unarmed           |     9 |       |       ||     9
       Dagger            |     2 |    15 |       ||    17
 Cast: Magic Dart        |    66 |   170 |       ||   236
       Blink             |       |     1 |       ||     1
       Mephitic Cloud    |       |     2 |       ||     2
Evoke: Wand              |       |     2 |     1 ||     3
  Use: Scroll            |     6 |     6 |       ||    12
       Potion            |       |     1 |       ||     1
  Eat: Chunk             |     2 |     9 |       ||    11
Armor: Robe              |     8 |    35 |       ||    43
Dodge: Dodged            |    33 |    49 |       ||    82
